 Dungeon Crawl Stone Soup version 0.20-a0-556-g892c87b (webtiles) character file.

91 polly the Sneak (level 4, 0/23 HPs)
             Began as a Spriggan Assassin on Feb 5, 2017.
             Succumbed to an adder's poison
             ... on level 3 of the Dungeon.
             The game lasted 00:03:10 (1465 turns).

polly the Sneak (Spriggan Assassin)                 Turns: 1465, Time: 00:03:10

Health: 0/23       AC:  3    Str: 12    XL:     4   Next: 34%
Magic:  5/5        EV: 17    Int: 17    God:
Gold:   153        SH:  0    Dex: 18    Spells: 3/3 levels left

rFire    . . .     SeeInvis +   b - +0 blowgun
rCold    . . .     Gourm    .   c - +0 robe
rNeg     . . .     Faith    .   (shield restricted)
rPois    .         Spirit   .   (helmet restricted)
rElec    .         Reflect  .   d - +0 cloak
rCorr    .         Harm     .   (gloves unavailable)
MR       .....                  (boots unavailable)
Stlth    ++++......             (no amulet)
Regen    0.1/turn               (no ring)
                                (no ring)

@: mighty, brilliant, lethally poisoned (0 -> -6), slowed, quick
A: unfitting armour, see invisible, herbivore 3, speed 3, slow metabolism 2
a: no special abilities


You were on level 3 of the Dungeon.
You were not hungry.

You visited 1 branch of the dungeon, and saw 3 of its levels.

You collected 153 gold pieces.

Inventory:

Hand Weapons
 a - a +2 dagger
 b - a +0 blowgun (weapon)
 x - a +2 dagger of protection
Missiles
 e - 8 poisoned needles (quivered)
 f - 2 curare-tipped needles
Armour
 c - a +0 robe (worn)
 d - a +0 cloak (worn)
Scrolls
 h - 2 scrolls of random uselessness {unknown}
 i - a scroll of identify {unknown}
 k - 4 scrolls of noise {unknown}
 l - 2 scrolls of enchant armour {unknown}
 q - a scroll of recharging {unknown}
 u - a scroll of remove curse {unknown}
 v - a scroll of amnesia {unknown}
 w - 2 scrolls of teleportation {unknown}
Potions
 m - a potion of ambrosia {unknown}
 n - a potion of flight {unknown}
 o - a potion of agility {unknown}
 p - a potion of haste {unknown}
 r - a potion of heal wounds {unknown}
 s - a potion of brilliance
 t - a potion of might
Comestibles
 g - 3 bread rations
 j - a royal jelly


   Skills:
 + Level 1.9 Fighting
 + Level 3.8 Short Blades
 + Level 2.0 Throwing
 + Level 1.7 Dodging
 + Level 7.1 Stealth


You had 3 spell levels left.
You didn't know any spells.

Dungeon Overview and Level Annotations

Branches:
Dungeon (3/15)

Altars:
Okawaru


Innate Abilities, Weirdness & Mutations

You are very small and have problems with some larger weapons.
You are too small for most types of armour.
You have supernaturally acute eyesight. (SInv)
You are a herbivore.
You cover ground extremely quickly.
You need consume almost no food.


Message History

The adder misses you.
The orc wizard gestures wildly while chanting.
The orc wizard blinks!
The orc wizard barely misses you.
Your +2 dagger of protection goes still.
b - a +0 blowgun (weapon)
The adder bites you.
* * * LOW HITPOINT WARNING * * *
You are lethally poisoned!
The adder poisons you!
The orc wizard mumbles some strange words.
The orc wizard blinks!
It was a potion of might.
You feel very mighty all of a sudden.
* * * LOW HITPOINT WARNING * * *
You feel sick.
The orc wizard is no longer moving quickly.
The adder misses you. x2
It was a potion of brilliance.
You feel clever all of a sudden.
You die...

....# # #.........# ...<##
#######...!.....# ...........
......).........# .#######.#.
#########g####### ...# #o(# ##.#
##.# ...# #####.#
######################.....#####
.........)......@So.go...........
###.##.##..^.##.##o..#......#....
#...##.##†....#.##...######.# ...
#.####.##...#.#.##...# .# .. #.#
#.##...#.#†##...# o# # ..#
#.##.....#....†.# .. ###
#.##...######...# ..
#.##..........### ..#####.......#


You could see an orc wizard, an adder, 2 orcs and a hobgoblin.

Vanquished Creatures
  2 adders (D:2)
  2 oozes (D:1)
  2 dart slugs
  A leopard gecko (D:1)
  An orc (D:3)
  A ball python (D:3)
  8 bats
  3 giant cockroaches
  9 goblins
  9 hobgoblins
  3 frilled lizards
  11 kobolds
  4 rats
56 creatures vanquished.

Notes
Turn   | Place    | Note
-------+----------+-------------------------------------------
     0 | D:1      | polly the Spriggan Assassin began the quest for the Orb.
     0 | D:1      | Reached XP level 1. HP: 10/10 MP: 2/2
    59 | D:1      | Reached skill level 6 in Stealth
    99 | D:1      | Reached XP level 2. HP: 5/14 MP: 3/3
   500 | D:1      | Reached XP level 3. HP: 18/18 MP: 4/4
   721 | D:2      | Found a faded altar of an unknown god.
   942 | D:2      | Reached XP level 4. HP: 19/23 MP: 5/5
   998 | D:2      | Found an iron altar of Okawaru.
  1115 | D:2      | Reached skill level 7 in Stealth
  1464 | D:3      | HP: 1/23 [poisoned by an adder]
  1465 | D:3      | Succumbed to an adder's poison

Vault maps used:
D:1:      elethiomel_arrival_quiet
D:2:      okawaru_ov_weapons_minmay, chequers_ecumenical_altar_simple_redux
D:3:      first_bread

Skill      XL: |  1  2  3  4 |
---------------+-------------+-----
Stealth        | 6 7 |  7.1
Short Blades   | 3 |  3.8
Fighting       | |  1.9
Throwing       | |  2.0
Dodging        | |  1.7

Action                   |  1- 3 |  4- 6 || total
-------------------------+-------+-------++-------
Melee: Dagger            |   106 |    45 ||   151
  Use: Potion            |       |     2 ||     2
 Stab: Sleeping          |    16 |    10 ||    26
Armor: Robe              |    13 |    10 ||    23
Dodge: Dodged            |    72 |    42 ||   114
